TOP OF THE 1ST |
Colorado Commanders batting - Pitching for Jasper Cougars : RHP Randy Rivera
|
Pitching: RHP Randy Rivera
|
|
Batting: LHB Abraham Horton
|
0-0: Ball 1-0: Ball 2-0: Ground out 1-3 (Groundball, 13S)
|
Batting: RHB Lawrence Ware
|
0-0: Called Strike 0-1: Ball 1-1: Called Strike 1-2: SOLO HOME RUN (Flyball, 7LD), Distance : 313 ft
|
Batting: LHB Arthur Guzmán
|
0-0: Foul Ball, location: 2F 0-1: Ball 1-1: Called Strike 1-2: Fly out, F8 (Flyball, 89D)
|
Batting: LHB Francisco Ríos
|
0-0: Ball 1-0: Called Strike 1-1: Called Strike 1-2: Foul Ball, location: 2F 1-2: Foul Ball, location: 2F 1-2: Strikes out swinging
|
Top of the 1st over - 1 run, 1 hit, 0 errors, 0 left on base; Colorado 1 - Jasper 0 |
BOTTOM OF THE 1ST |
Jasper Cougars batting - Pitching for Colorado Commanders : RHP Juan Ochoa
|
Pitching: RHP Juan Ochoa
|
|
Batting: RHB Júlio González
|
0-0: Called Strike 0-1: Ball 1-1: Ground out 6-3 (Groundball, 6)
|
Batting: RHB Alberto Castillo
|
0-0: Ball 1-0: Called Strike 1-1: Swinging Strike 1-2: SINGLE (Groundball, 6M) (infield hit)
|
Batting: LHB Iván Soriano
|
0-0: Called Strike 0-1: Ball 1-1: Ball 2-1: Ball 3-1: Base on Balls Alberto Castillo to second
|
Batting: RHB Lance Fullerton
|
0-0: Called Strike 0-1: Ball 1-1: SINGLE (Groundball, 4D) Alberto Castillo to third Iván Soriano to second
|
Batting: RHB Ben Wilson
|
0-0: Called Strike 0-1: Swinging Strike 0-2: Grounds into fielders choice 1-2 (Groundball, 15S) Iván Soriano to third Lance Fullerton to second
|
Batting: SHB Jerry Young
|
0-0: Ball 1-0: Ball 2-0: Called Strike 2-1: Called Strike 2-2: Strikes out swinging
|
Bottom of the 1st over - 0 runs, 2 hits, 0 errors, 3 left on base; Colorado 1 - Jasper 0 |
TOP OF THE 2ND |
Colorado Commanders batting - Pitching for Jasper Cougars : RHP Randy Rivera
|
Batting: RHB Henry Cahill
|
0-0: Ball 1-0: Ball 2-0: Foul Ball, location: 2F 2-1: Foul Ball, location: 2F 2-2: Ball 3-2: Foul Ball, location: 2F 3-2: Base on Balls
|
Batting: RHB Félix Campos
|
0-0: Ball 1-0: Foul Ball, location: 2F 1-1: Called Strike 1-2: Ground out 4-3 (Groundball, 4MD) Henry Cahill to second
|
Batting: RHB Joe Roberts
|
0-0: Called Strike 0-1: Foul Ball, location: 2F 0-2: Ball 1-2: Fly out, F2 (Popup, 13S)
|
Batting: RHB Júlio Ramos
|
0-0: 2-RUN HOME RUN (Flyball, 89XD), Distance : 382 ft
|
Batting: RHB Bobby Miles
|
0-0: Called Strike 0-1: Ball 1-1: Called Strike 1-2: Ball 2-2: Fly out, F4 (Line Drive, 4M)
|
Top of the 2nd over - 2 runs, 1 hit, 0 errors, 0 left on base; Colorado 3 - Jasper 0 |
BOTTOM OF THE 2ND |
Jasper Cougars batting - Pitching for Colorado Commanders : RHP Juan Ochoa
|
Batting: RHB Brent Allen
|
0-0: Swinging Strike 0-1: Ball 1-1: SINGLE (Line Drive, 56D)
|
Batting: LHB Leon Malone
|
0-0: Called Strike 0-1: Ground out 3-1 (Groundball, 34S) Brent Allen to second
|
Batting: RHB Alberto Morín
|
0-0: Ball 1-0: Ball 2-0: Swinging Strike 2-1: Foul Ball, location: 2F 2-2: Ball 3-2: Foul Ball, location: 2F 3-2: Strikes out swinging
|
Batting: RHB Júlio González
|
0-0: Called Strike 0-1: DOUBLE (Line Drive, 89D) Brent Allen scores
|
Batting: RHB Alberto Castillo
|
0-0: Called Strike 0-1: Called Strike 0-2: Fly out, F6 (Popup, 6S)
|
Bottom of the 2nd over - 1 run, 2 hits, 0 errors, 1 left on base; Colorado 3 - Jasper 1 |
TOP OF THE 3RD |
Colorado Commanders batting - Pitching for Jasper Cougars : RHP Randy Rivera
|
Batting: LHB Abraham Horton
|
0-0: Ball 1-0: Ball 2-0: Ball 3-0: Base on Balls
|
Batting: RHB Lawrence Ware
|
0-0: Ball 1-0: Called Strike 1-1: Fly out, F5 (Popup, 56S)
|
Batting: LHB Arthur Guzmán
|
0-0: Called Strike Abraham Horton is caught stealing 2nd base 0-1: Ball 1-1: Ground out 6-3 (Groundball, 56D)
|
Top of the 3rd over - 0 runs, 0 hits, 0 errors, 0 left on base; Colorado 3 - Jasper 1 |
BOTTOM OF THE 3RD |
Jasper Cougars batting - Pitching for Colorado Commanders : RHP Juan Ochoa
|
Batting: LHB Iván Soriano
|
0-0: Ball 1-0: Fly out, F9 (Flyball, 89M)
|
Batting: RHB Lance Fullerton
|
0-0: Ball 1-0: Called Strike 1-1: Ball 2-1: Fly out, F4 (Line Drive, 4)
|
Batting: RHB Ben Wilson
|
0-0: Swinging Strike 0-1: Ball 1-1: SINGLE (Flyball, 7S)
|
Batting: SHB Jerry Young
|
0-0: Ball 1-0: Called Strike 1-1: Foul Ball, location: 2F 1-2: Ball 2-2: Ball Ben Wilson steals 2nd base 3-2: Strikes out looking
|
Bottom of the 3rd over - 0 runs, 1 hit, 0 errors, 1 left on base; Colorado 3 - Jasper 1 |
TOP OF THE 4TH |
Colorado Commanders batting - Pitching for Jasper Cougars : RHP Randy Rivera
|
Batting: LHB Francisco Ríos
|
0-0: Ball 1-0: Ball 2-0: DOUBLE (Line Drive, 9LM)
|
Batting: RHB Henry Cahill
|
0-0: Foul Ball, location: 2F 0-1: Called Strike 0-2: Ground out 4-3 (Groundball, 4) Francisco Ríos to third
|
Batting: RHB Félix Campos
|
0-0: SINGLE (Groundball, 34S) (infield hit) Francisco Ríos scores
|
Batting: RHB Joe Roberts
|
0-0: Ball Félix Campos steals 2nd base 1-0: Called Strike 1-1: Foul Ball, location: 2F 1-2: Ball 2-2: Strikes out swinging
|
Batting: RHB Júlio Ramos
|
0-0: Ball 1-0: Ball 2-0: Foul Ball, location: 2F 2-1: SINGLE (Flyball, 78M) Félix Campos to third Runner from 3rd tries for Home, SAFE, no throw
|
Batting: RHB Bobby Miles
|
0-0: Foul Ball, location: 2F 0-1: Ball 1-1: Foul Ball, location: 2F 1-2: Ball 2-2: Strikes out swinging
|
Top of the 4th over - 2 runs, 3 hits, 0 errors, 1 left on base; Colorado 5 - Jasper 1 |
BOTTOM OF THE 4TH |
Jasper Cougars batting - Pitching for Colorado Commanders : RHP Juan Ochoa
|
Batting: RHB Brent Allen
|
0-0: Called Strike 0-1: Ball 1-1: Called Strike 1-2: Ball 2-2: Strikes out swinging
|
Batting: LHB Leon Malone
|
0-0: Foul Ball, location: 2F 0-1: Ball 1-1: Ball 2-1: Ball 3-1: SINGLE (Groundball, 5D)
|
Batting: RHB Alberto Morín
|
0-0: Called Strike 0-1: Ball 1-1: Swinging Strike 1-2: Foul Ball, location: 2F 1-2: Strikes out swinging Leon Malone steals 2nd base Batter strikes out.
|
Batting: RHB Júlio González
|
0-0: Ball 1-0: Foul Ball, location: 2F 1-1: Ball 2-1: Ball 3-1: Foul Ball, location: 2F 3-2: SINGLE (Groundball, 4MD) Leon Malone to third Leon Malone scores
|
Batting: RHB Alberto Castillo
|
0-0: Ball 1-0: Called Strike 1-1: Foul Ball, location: 2F 1-2: Ball 2-2: Foul Ball, location: 2F 2-2: Foul Ball, location: 2F 2-2: Foul Ball, location: 2F 2-2: Ball 3-2: Foul Ball, location: 2F 3-2: Foul Ball, location: 2F 3-2: Foul Ball, location: 2F 3-2: SINGLE (Line Drive, 8LS) Júlio González to second Júlio González to third
|
Batting: LHB Iván Soriano
|
0-0: Foul Ball, location: 2F 0-1: Ball 1-1: Swinging Strike 1-2: SINGLE (Groundball, 56S) (infield hit) Júlio González scores Alberto Castillo to second
|
Pitching: RHP George Gore
|
|
Batting: RHB Lance Fullerton
|
0-0: Ball 1-0: Foul Ball, location: 2F 1-1: Foul Ball, location: 2F 1-2: Strikes out swinging
|
Bottom of the 4th over - 2 runs, 4 hits, 0 errors, 2 left on base; Colorado 5 - Jasper 3 |
TOP OF THE 5TH |
Colorado Commanders batting - Pitching for Jasper Cougars : RHP Randy Rivera
|
Batting: LHB Abraham Horton
|
0-0: Called Strike 0-1: Called Strike 0-2: Foul Ball, location: 2F 0-2: Ball 1-2: Ball 2-2: Strikes out swinging
|
Batting: RHB Lawrence Ware
|
0-0: Called Strike 0-1: Called Strike 0-2: Foul Ball, location: 2F 0-2: Ball 1-2: Strikes out swinging
|
Batting: LHB Arthur Guzmán
|
0-0: Ball 1-0: Called Strike 1-1: Foul Ball, location: 2F 1-2: Ball 2-2: Ground out 6-3 (Groundball, 6M)
|
Top of the 5th over - 0 runs, 0 hits, 0 errors, 0 left on base; Colorado 5 - Jasper 3 |
BOTTOM OF THE 5TH |
Jasper Cougars batting - Pitching for Colorado Commanders : RHP George Gore
|
Batting: RHB Ben Wilson
|
0-0: Ball 1-0: Ground out U3 (Groundball, 34S)
|
Batting: SHB Jerry Young
|
0-0: Called Strike 0-1: Ball 1-1: Called Strike 1-2: Ball 2-2: Strikes out looking
|
Batting: RHB Brent Allen
|
0-0: Ball 1-0: Foul Ball, location: 2F 1-1: Swinging Strike 1-2: Foul Ball, location: 2F 1-2: Ball 2-2: Strikes out swinging
|
Bottom of the 5th over - 0 runs, 0 hits, 0 errors, 0 left on base; Colorado 5 - Jasper 3 |
TOP OF THE 6TH |
Colorado Commanders batting - Pitching for Jasper Cougars : RHP Randy Rivera
|
Batting: LHB Francisco Ríos
|
0-0: Swinging Strike 0-1: Foul Ball, location: 2F 0-2: TRIPLE (Flyball, 9D)
|
Batting: RHB Henry Cahill
|
0-0: Called Strike 0-1: Ball 1-1: Foul Ball, location: 2F 1-2: Strikes out swinging
|
Batting: RHB Félix Campos
|
0-0: Ball 1-0: Foul Ball, location: 2F 1-1: Foul Ball, location: 2F 1-2: Foul Ball, location: 2F 1-2: SINGLE (Flyball, 9LS) Francisco Ríos scores
|
Pitching: RHP Pat Wright
|
|
Batting: RHB Joe Roberts
|
0-0: Called Strike 0-1: Called Strike Félix Campos steals 2nd base 0-2: Foul Ball, location: 2F 0-2: Ball 1-2: Strikes out swinging
|
Batting: RHB Júlio Ramos
|
0-0: Ball Félix Campos steals 3rd base 1-0: Ball 2-0: Ball 3-0: Called Strike 3-1: Ground out 6-3 (Groundball, 6)
|
Top of the 6th over - 1 run, 2 hits, 0 errors, 1 left on base; Colorado 6 - Jasper 3 |
BOTTOM OF THE 6TH |
Jasper Cougars batting - Pitching for Colorado Commanders : RHP George Gore
|
Batting: LHB Leon Malone
|
0-0: Foul Ball, location: 2F 0-1: Ball 1-1: Foul Ball, location: 2F 1-2: Ball 2-2: Strikes out swinging
|
Batting: RHB Alberto Morín
|
0-0: Called Strike 0-1: Ball 1-1: SINGLE (Groundball, 56D)
|
Batting: RHB Júlio González
|
0-0: Ball 1-0: Ball Alberto Morín steals 2nd base 2-0: Ball 3-0: Called Strike 3-1: Base on Balls
|
Batting: RHB Alberto Castillo
|
0-0: Ball 1-0: Ball 2-0: Foul Ball, location: 2F 2-1: Foul Ball, location: 2F 2-2: Strikes out looking
|
Batting: LHB Iván Soriano
|
0-0: Ball 1-0: Called Strike 1-1: Called Strike 1-2: Ball 2-2: Foul Ball, location: 2F 2-2: Foul Ball, location: 2F 2-2: Ball 3-2: Foul Ball, location: 2F 3-2: Base on Balls Alberto Morín to third Júlio González to second
|
Batting: RHB Lance Fullerton
|
0-0: Called Strike 0-1: Foul Ball, location: 2F 0-2: Fielders Choice at 2nd, 6-4 (Groundball, 6)
|
Bottom of the 6th over - 0 runs, 1 hit, 0 errors, 3 left on base; Colorado 6 - Jasper 3 |
TOP OF THE 7TH |
Colorado Commanders batting - Pitching for Jasper Cougars : RHP Pat Wright
|
Batting: RHB Bobby Miles
|
0-0: Called Strike 0-1: Ball 1-1: Ball 2-1: Foul Ball, location: 2F 2-2: Foul Ball, location: 2F 2-2: Foul Ball, location: 2F 2-2: Strikes out swinging
|
Batting: LHB Abraham Horton
|
0-0: Ball 1-0: Foul Ball, location: 2F 1-1: Fly out, F8 (Line Drive, 8RXD)
|
Batting: RHB Lawrence Ware
|
0-0: Ball 1-0: Ball 2-0: Ball 3-0: Base on Balls
|
Batting: LHB Arthur Guzmán
|
0-0: Ball 1-0: Called Strike 1-1: Foul Ball, location: 2F 1-2: Ground out 4-3 (Groundball, 4)
|
Top of the 7th over - 0 runs, 0 hits, 0 errors, 1 left on base; Colorado 6 - Jasper 3 |
BOTTOM OF THE 7TH |
Jasper Cougars batting - Pitching for Colorado Commanders : RHP George Gore
|
Batting: RHB Ben Wilson
|
0-0: Ball 1-0: Foul Ball, location: 2F 1-1: Ground out 5-3 (Groundball, 56S)
|
Batting: SHB Jerry Young
|
0-0: Called Strike 0-1: Ground out 6-3 (Groundball, 6MS)
|
Batting: RHB Brent Allen
|
0-0: Called Strike 0-1: Swinging Strike 0-2: Ball 1-2: Ball 2-2: Ball 3-2: Base on Balls
|
Pitching: LHP Jeremy Winston
|
|
Batting: LHB Leon Malone
|
0-0: Swinging Strike 0-1: Ball 1-1: Called Strike 1-2: Strikes out swinging
|
Bottom of the 7th over - 0 runs, 0 hits, 0 errors, 1 left on base; Colorado 6 - Jasper 3 |
TOP OF THE 8TH |
Colorado Commanders batting - Pitching for Jasper Cougars : RHP Pat Wright
|
Batting: LHB Francisco Ríos
|
0-0: Ball 1-0: Ball 2-0: Ball 3-0: Called Strike 3-1: Foul Ball, location: 2F 3-2: Foul Ball, location: 2F 3-2: Hit by Pitch
|
Batting: RHB Henry Cahill
|
0-0: Ball 1-0: Called Strike 1-1: SINGLE (Line Drive, 89S) Francisco Ríos to second Runner from 2nd tries for 3rd, SAFE, no throw
|
Batting: RHB Félix Campos
|
0-0: Called Strike 0-1: Ball 1-1: 3-RUN HOME RUN (Flyball, 89XD), Distance : 394 ft
|
Pitching: RHP Troy Perkins
|
|
Batting: RHB Joe Roberts
|
0-0: Ball 1-0: Ball 2-0: Ball 3-0: Called Strike 3-1: Ground out 4-3 (Groundball, 4)
|
Batting: RHB Júlio Ramos
|
0-0: Called Strike 0-1: Ball 1-1: Ball 2-1: Ball 3-1: Base on Balls
|
Batting: RHB Bobby Miles
|
0-0: Called Strike Júlio Ramos is caught stealing 2nd base 0-1: Called Strike 0-2: Ball 1-2: Strikes out swinging, 2-3 out at first.
|
Top of the 8th over - 3 runs, 2 hits, 0 errors, 0 left on base; Colorado 9 - Jasper 3 |
BOTTOM OF THE 8TH |
Jasper Cougars batting - Pitching for Colorado Commanders : LHP Jeremy Winston
|
Pitching: RHP Alberto García
|
|
Batting: RHB Alberto Morín
|
0-0: Ball 1-0: Called Strike 1-1: Foul Ball, location: 2F 1-2: Ball 2-2: Ball 3-2: Foul Ball, location: 2F 3-2: Foul Ball, location: 2F 3-2: Foul Ball, location: 2F 3-2: Strikes out swinging
|
Batting: RHB Júlio González
|
0-0: Ball 1-0: Fly out, F7 (Flyball, 78S)
|
Batting: RHB Alberto Castillo
|
0-0: SINGLE (Groundball, 5S) (infield hit)
|
Batting: LHB Iván Soriano
|
0-0: Called Strike 0-1: Foul Ball, location: 2F 0-2: Strikes out swinging
|
Bottom of the 8th over - 0 runs, 1 hit, 0 errors, 1 left on base; Colorado 9 - Jasper 3 |
TOP OF THE 9TH |
Colorado Commanders batting - Pitching for Jasper Cougars : RHP Troy Perkins
|
Batting: LHB Abraham Horton
|
0-0: Ball 1-0: Foul Ball, location: 2F 1-1: Swinging Strike 1-2: Strikes out looking
|
Batting: RHB Lawrence Ware
|
0-0: Ground out 6-3 (Groundball, 6S)
|
Batting: LHB Arthur Guzmán
|
0-0: Ball 1-0: Ball 2-0: SINGLE (Line Drive, 6M)
|
Batting: LHB Francisco Ríos
|
0-0: Ball 1-0: Fly out, F7 (Line Drive, 7)
|
Top of the 9th over - 0 runs, 1 hit, 0 errors, 1 left on base; Colorado 9 - Jasper 3 |
BOTTOM OF THE 9TH |
Jasper Cougars batting - Pitching for Colorado Commanders : RHP Alberto García
|
Batting: RHB Lance Fullerton
|
0-0: Ball 1-0: Ball 2-0: Fly out, F8 (Flyball, 8RD)
|
Batting: RHB Ben Wilson
|
0-0: Ball 1-0: Swinging Strike 1-1: DOUBLE (Line Drive, 7LS)
|
Batting: SHB Jerry Young
|
0-0: Swinging Strike 0-1: Ball 1-1: Foul Ball, location: 2F 1-2: Strikes out swinging
|
Batting: RHB Brent Allen
|
0-0: Foul Ball, location: 2F 0-1: Ball 1-1: Ball 2-1: Ground out 5-3 (Groundball, 56S)
|
Bottom of the 9th over - 0 runs, 1 hit, 0 errors, 1 left on base; Colorado 9 - Jasper 3 |
|